General information
- name: BNet
- type: Ladder team game (AT/RT)
- host: Battle.net
- saver: TIE_HACK
map: SunrockCove
- players: 6
- length: 21:29
- speed: Fast
- version: 1.24 W3XP
- replay type: Public
» download(120 KB)
Players
team 1 (winner)
stra1ght_ballin (
pink | 45 APM | 963 actions | 21:28)
4 Blademaster
2 Wind Walk
2 Critical Strike
» actions
| Assign group hotkey | 14 | |
| Basic commands | 15 | |
| Build / train | 33 | |
| Enter build submenu | 15 | |
| Enter hero's abilities submenu | 4 | |
| Give item / drop item | 2 | |
| Right click | 553 | |
| Select / deselect | 167 | |
| Select group hotkey | 63 | |
| Use ability | 97 | |
963 total
» units
» buildings
| Altar of Storms | 1 | |
| Orc Burrow | 4 | |
| Voodoo Lounge | 1 | |
| War Mill | 2 | |
| Watch Tower | 5 | |
13 total
» build order
00:06 Altar of Storms
00:08 Orc Burrow
00:17 Voodoo Lounge
03:18 War Mill
03:20 War Mill
03:22 Orc Burrow
03:24 Orc Burrow
03:53 Orc Burrow
04:42 Watch Tower
04:43 Watch Tower
04:45 Watch Tower
04:58 Watch Tower
04:59 Watch Tower
» items
| Healing Salve | 2 | |
| Lesser Clarity Potion | 6 | |
| Scroll of Speed | 2 | |
| Orb of Lightning | 1 | |
| Boots of Speed | 1 | |
12 total
TIE_HACK (
orange | 68 APM | 1464 actions | 21:29)
6 Blademaster
2 Wind Walk
3 Critical Strike
1 Bladestorm
» actions
| Assign group hotkey | 63 | |
| Basic commands | 14 | |
| Build / train | 65 | |
| Enter build submenu | 40 | |
| Enter hero's abilities submenu | 6 | |
| Give item / drop item | 2 | |
| Remove unit from queue | 1 | |
| Right click | 618 | |
| Select / deselect | 148 | |
| Select group hotkey | 417 | |
| Use ability | 90 | |
1464 total
» units
» upgrades
| Ranged Weapons | 2 | |
| Spiked Barricades | 2 | |
| Liquid Fire | 1 | |
| Reinforced Defenses | 1 | |
6 total
» buildings
| Altar of Storms | 1 | |
| Orc Burrow | 6 | |
| Voodoo Lounge | 3 | |
| War Mill | 1 | |
| Stronghold | 1 | |
| Watch Tower | 25 | |
| Fortress | 1 | |
| Beastiary | 3 | |
41 total
» build order
00:05 Altar of Storms
00:08 Orc Burrow
00:53 Voodoo Lounge
02:16 War Mill
03:04 Stronghold
03:37 Watch Tower
03:41 Watch Tower
03:42 Watch Tower
03:42 Watch Tower
05:33 Fortress
05:34 Beastiary
05:36 Beastiary
05:38 Beastiary
05:50 Orc Burrow
05:50 Orc Burrow
06:48 Orc Burrow
06:53 Watch Tower
07:54 Orc Burrow
07:56 Orc Burrow
08:05 Watch Tower
08:06 Watch Tower
08:08 Watch Tower
13:10 Watch Tower
13:11 Watch Tower
13:11 Watch Tower
15:08 Watch Tower
15:08 Watch Tower
15:09 Watch Tower
16:17 Watch Tower
17:00 Watch Tower
17:15 Watch Tower
17:17 Watch Tower
17:25 Watch Tower
17:27 Watch Tower
17:27 Watch Tower
17:28 Watch Tower
17:51 Watch Tower
17:53 Watch Tower
17:57 Watch Tower
21:14 Voodoo Lounge
21:17 Voodoo Lounge
» items
| Lesser Clarity Potion | 4 | |
| Healing Salve | 3 | |
| Scroll of Speed | 1 | |
| Boots of Speed | 1 | |
| Circlet of Nobility | 1 | |
| Staff of Teleportation | 1 | |
| Tiny Great Hall | 1 | |
12 total
twilight2 (
purple | 47 APM | 1002 actions | 21:28)
4 Blademaster
2 Wind Walk
2 Critical Strike
» actions
| Assign group hotkey | 25 | |
| Basic commands | 15 | |
| Build / train | 46 | |
| Enter build submenu | 26 | |
| Enter hero's abilities submenu | 4 | |
| Right click | 471 | |
| Select / deselect | 148 | |
| Select group hotkey | 224 | |
| Use ability | 43 | |
1002 total
» units
» upgrades
| Ranged Weapons | 2 | |
| Liquid Fire | 1 | |
3 total
» buildings
| Altar of Storms | 1 | |
| Orc Burrow | 5 | |
| War Mill | 1 | |
| Voodoo Lounge | 1 | |
| Stronghold | 1 | |
| Watch Tower | 8 | |
| Beastiary | 2 | |
| Fortress | 2 | |
21 total
» build order
00:09 Altar of Storms
00:14 Orc Burrow
01:04 War Mill
01:14 Voodoo Lounge
03:28 Stronghold
03:31 Watch Tower
03:33 Watch Tower
03:34 Watch Tower
03:36 Watch Tower
04:31 Watch Tower
04:40 Watch Tower
04:47 Orc Burrow
06:30 Beastiary
06:36 Beastiary
07:26 Watch Tower
07:31 Watch Tower
08:49 Fortress
08:49 Fortress
09:32 Orc Burrow
09:33 Orc Burrow
10:42 Orc Burrow
» items
| Healing Salve | 1 | |
| Lesser Clarity Potion | 3 | |
| Scroll of Speed | 1 | |
5 total
team 2 (loser)
derHOLLANDER (
yellow | 63 APM | 1359 actions | 21:27)
4 Demon Hunter
2 Mana Burn
2 Evasion
» actions
| Assign group hotkey | 7 | |
| Basic commands | 211 | |
| Build / train | 85 | |
| Enter build submenu | 32 | |
| Enter hero's abilities submenu | 4 | |
| Right click | 407 | |
| Select / deselect | 243 | |
| Select group hotkey | 316 | |
| Use ability | 54 | |
1359 total
» units
» upgrades
| Strength of the Moon | 1 | |
| Abolish Magic | 1 | |
| Improved Bows | 1 | |
3 total
» buildings
| Altar of Elders | 1 | |
| Ancient of War | 4 | |
| Moon Well | 4 | |
| Tree of Life | 3 | |
| Tree of Ages | 1 | |
| Hunter's Hall | 1 | |
| Ancient of Wonders | 1 | |
| Ancient Protector | 14 | |
| Ancient of Lore | 2 | |
31 total
» build order
00:05 Altar of Elders
00:11 Ancient of War
00:19 Moon Well
01:43 Moon Well
02:01 Moon Well
02:17 Moon Well
03:46 Tree of Life
04:54 Tree of Ages
05:27 Ancient of War
05:49 Hunter's Hall
06:00 Ancient of Wonders
06:53 Ancient Protector
06:56 Ancient Protector
07:07 Ancient Protector
07:40 Ancient of Lore
07:49 Ancient of Lore
10:06 Ancient Protector
10:10 Ancient Protector
10:15 Ancient Protector
10:57 Ancient Protector
11:01 Ancient Protector
11:57 Ancient Protector
11:59 Ancient Protector
12:01 Ancient Protector
12:06 Ancient Protector
12:11 Ancient Protector
12:15 Ancient Protector
14:52 Ancient of War
14:55 Ancient of War
16:55 Tree of Life
17:08 Tree of Life
» items
| Dust of Appearance | 1 | |
| Moonstone | 1 | |
| Scroll of Town Portal | 2 | |
4 total

»
ElberGoon (
blue | 70 APM | 1490 actions | 21:22)
3 Beastmaster
2 Summon Bear
1 Summon Hawk
» actions
| Assign group hotkey | 14 | |
| Basic commands | 213 | |
| Build / train | 55 | |
| ESC pressed | 5 | |
| Enter build submenu | 17 | |
| Enter hero's abilities submenu | 3 | |
| Right click | 416 | |
| Select / deselect | 346 | |
| Select group hotkey | 349 | |
| Use ability | 72 | |
1490 total
» units
» upgrades
| Strength of the Moon | 1 | |
| Moon Armor | 1 | |
2 total
» buildings
| Altar of Elders | 1 | |
| Moon Well | 4 | |
| Ancient of War | 3 | |
| Hunter's Hall | 2 | |
| Ancient of Wonders | 1 | |
| Ancient Protector | 1 | |
| Tree of Ages | 5 | |
| Ancient of Wind | 1 | |
| Tree of Life | 2 | |
20 total
» build order
00:13 Altar of Elders
00:26 Moon Well
02:05 Ancient of War
05:01 Ancient of War
05:08 Hunter's Hall
05:54 Hunter's Hall
06:06 Moon Well
06:27 Ancient of War
07:07 Ancient of Wonders
07:23 Ancient Protector
08:36 Tree of Ages
08:36 Tree of Ages
08:36 Tree of Ages
08:36 Tree of Ages
09:13 Moon Well
09:14 Moon Well
11:14 Ancient of Wind
13:43 Tree of Life
15:53 Tree of Life
» items
| Lesser Clarity Potion | 1 | |
| Potion of Healing | 1 | |
2 total
Yunkel (
teal | 50 APM | 1081 actions | 21:26)
4 Mountain King
2 Storm Bolt
2 Bash
» actions
| Assign group hotkey | 10 | |
| Basic commands | 41 | |
| Build / train | 54 | |
| ESC pressed | 6 | |
| Enter build submenu | 33 | |
| Enter hero's abilities submenu | 4 | |
| Right click | 460 | |
| Select / deselect | 311 | |
| Select group hotkey | 96 | |
| Use ability | 66 | |
1081 total
» units
| Peasant | 10 | |
| Footman | 10 | |
| Priest | 4 | |
| Sorceress | 2 | |
26 total
» upgrades
| Defend | 1 | |
| Masonry | 1 | |
| Priest Training | 1 | |
3 total
» buildings
| Altar of Kings | 1 | |
| Farm | 8 | |
| Barracks | 2 | |
| Scout Tower | 13 | |
| Arcane Tower | 1 | |
| Lumber Mill | 1 | |
| Guard Tower | 8 | |
| Arcane Vault | 1 | |
| Keep | 1 | |
| Blacksmith | 1 | |
| Arcane Sanctum | 2 | |
| Town Hall | 1 | |
40 total
» build order
00:09 Altar of Kings
00:15 Farm
00:28 Barracks
01:05 Farm
01:35 Scout Tower
01:45 Scout Tower
01:58 Farm
02:02 Arcane Tower
02:13 Lumber Mill
02:55 Barracks
03:01 Guard Tower
05:05 Arcane Vault
05:08 Farm
05:10 Farm
05:13 Farm
06:51 Keep
07:53 Blacksmith
08:24 Farm
08:27 Farm
09:53 Arcane Sanctum
09:54 Arcane Sanctum
11:50 Scout Tower
11:52 Scout Tower
11:54 Scout Tower
11:56 Scout Tower
12:03 Scout Tower
12:16 Scout Tower
12:19 Guard Tower
12:24 Guard Tower
12:32 Town Hall
12:36 Guard Tower
12:55 Guard Tower
13:31 Scout Tower
13:32 Guard Tower
13:33 Scout Tower
13:35 Scout Tower
13:37 Scout Tower
13:39 Scout Tower
15:34 Guard Tower
15:35 Guard Tower
» items
| Scroll of Regeneration | 2 | |
| Lesser Clarity Potion | 2 | |
4 total
Chat log
(00:13 / Allies) TIE_HACK: all tp to top
(00:15 / Allies) TIE_HACK: for harass
(00:26 / Allies) TIE_HACK: my th is on
(00:32 / Allies) stra1ght_ballin: immimne is off
(00:36 / Allies) TIE_HACK: turn it on
(00:42 / All) ElberGoon: li mon chu pao
(00:47 / All) TIE_HACK: usa # 1
(00:50 / All) TIE_HACK: all others = sghit
(01:06 / Allies) stra1ght_ballin: should i make 2 shops?
(01:08 / Allies) TIE_HACK: no
(01:09 / All) ElberGoon: hi, my name is elber
(01:10 / Allies) TIE_HACK: i buying shit
(01:11 / Allies) TIE_HACK: then tping in
(01:18 / All) TIE_HACK: best at everything
(01:22 / All) TIE_HACK: including making computer games
(01:31 / All) ElberGoon: rofl
(01:32 / All) TIE_HACK: u guys dont even have a computer game industry
(01:34 / All) TIE_HACK: in your shit country
(01:39 / All) ElberGoon: hahahah omg
(01:49 / All) ElberGoon: my girlfriend is laughing at you
(02:00 / Allies) TIE_HACK: tp bottom
(02:01 / Allies) TIE_HACK: not top
(02:03 / Allies) TIE_HACK: top has 2 mana towers
(02:13 / Allies) TIE_HACK: comeon granny
(02:14 / Allies) TIE_HACK: lets go
(02:24 / Allies) TIE_HACK: wisps then aow
(02:38 / Allies) twilight2: spyware
(03:25 / Allies) TIE_HACK: main tree i guess
(03:32 / Allies) TIE_HACK: lo?
(04:26 / Allies) TIE_HACK: repari
(06:22 / Allies) TIE_HACK: u just ignored 2 red health fotos
(06:30 / Allies) stra1ght_ballin: 100 red health units
(07:13 / Allies) TIE_HACK: tower up
(07:17 / Allies) TIE_HACK: or its gonna be a jiggity joke
(07:27 / Allies) stra1ght_ballin: lets tie it
(07:30 / Allies) stra1ght_ballin: this is already pretyt bad
(07:32 / Allies) TIE_HACK: because you suicided hero?
(07:34 / Allies) TIE_HACK: i am working on bats
(07:37 / Allies) stra1ght_ballin: yes
(07:58 / Allies) stra1ght_ballin: well my base is not going to do anything productiv for a hunert years
(08:26 / Allies) stra1ght_ballin: or ever from the looks of htings
(08:27 / Allies) TIE_HACK: tp out all ur guys
(08:28 / Allies) TIE_HACK: no second hero
(08:34 / Allies) TIE_HACK: u made 2 sponges lst atime we played this map
(08:36 / Allies) TIE_HACK: and they were worthless
(08:40 / Allies) stra1ght_ballin: ?
(08:43 / Allies) stra1ght_ballin: what are you saying
(08:48 / Allies) TIE_HACK: dont make 2 heros
(08:54 / Allies) stra1ght_ballin: do you see one being made?
(09:07 / Allies) stra1ght_ballin: i dont even have tier2 town
(09:08 / Allies) TIE_HACK: omfg
(09:10 / Allies) TIE_HACK: this dirt shit
(09:12 / Allies) TIE_HACK: already coutnered bats
(09:21 / Allies) TIE_HACK: bring all ur bats
(09:22 / Allies) TIE_HACK: to mid
(09:38 / Allies) twilight2: make wyvs?
(09:45 / Allies) TIE_HACK: these here bats
(09:47 / Allies) TIE_HACK: bring them to mid
(09:51 / Allies) TIE_HACK: all 3 of em
(12:39 / Allies) TIE_HACK: b
(14:15 / Allies) stra1ght_ballin: perch?
(14:19 / Allies) TIE_HACK: joke?
(14:23 / Allies) TIE_HACK: sure go perch if u want
(14:27 / Allies) stra1ght_ballin: ok lol
(14:50 / Allies) TIE_HACK: come kill ne buidligns iwth me
(14:56 / Allies) TIE_HACK: ur gonna take 16 minutes to killa bmill and a smith
(17:02 / Allies) TIE_HACK: ppoool me
(17:03 / Allies) TIE_HACK: they almost broke
(18:04 / Allies) stra1ght_ballin: look at that hacker
(18:08 / Allies) stra1ght_ballin: thinking about coming and killing me
(18:10 / Allies) stra1ght_ballin: with his hawk
(18:14 / Allies) stra1ght_ballin: the longer he waits
(18:16 / Allies) stra1ght_ballin: the more he thinks
(18:17 / Allies) stra1ght_ballin: nah
(18:19 / Allies) stra1ght_ballin: hell just run
(18:30 / Allies) stra1ght_ballin: thats right
(18:31 / All) TIE_HACK: baaad
(18:32 / Allies) stra1ght_ballin: walk away
(18:33 / All) TIE_HACK: badaaaad
(18:34 / All) TIE_HACK: baaaad
(19:05 / Allies) stra1ght_ballin: we won?
(19:16 / All) TIE_HACK: baaaad
(19:20 / Allies) stra1ght_ballin: lol
(19:32 / All) TIE_HACK: shit on
(19:36 / All) TIE_HACK: what a jiggity joke
(19:40 / All) TIE_HACK: baddy brazukas
(19:42 / All) TIE_HACK: FUCK BRAZIL
(19:44 / All) TIE_HACK: FUCK MEXICO
(19:54 / All) derHOLLANDER: fuck u wanker
(19:56 / All) ElberGoon: i love to tower my ass
(20:00 / All) derHOLLANDER: fuckin pussy lammer
(20:06 / All) TIE_HACK: dirtnoob
(20:10 / All) stra1ght_ballin: your buttocks has towers on it?
(20:13 / All) stra1ght_ballin: you should see a doctor
(20:14 / All) stra1ght_ballin: XD
(20:15 / All) TIE_HACK: is putting 10 archers by ur main and hoping u win playing like a man?
(20:16 / All) TIE_HACK: butt licker
(20:28 / All) derHOLLANDER: 'cause you stard like girls with your towers
(20:37 / All) TIE_HACK: speak brazililan please
(20:40 / All) TIE_HACK: because you cant speak english
(20:42 / Allies) twilight2: stard?
(20:47 / All) derHOLLANDER: fuck u nigga
(20:52 / Allies) TIE_HACK: leave one
(20:53 / Allies) TIE_HACK: budilnig
(21:05 / Allies) TIE_HACK: come get a quick hall
(21:06 / Allies) TIE_HACK: both of u
(21:10 / All) stra1ght_ballin: beware!
(21:12 / All) stra1ght_ballin: i live!
(21:20 / All) ElberGoon: hehe, cya kids
(21:25 / All) TIE_HACK: i am white
(21:26 / All) twilight2: ok gramps